 Dungeon Crawl Stone Soup version 0.29.0-4-gdea44cf6ec (webtiles) character file.

Game seed: 6405611121800252347

1 qw the Firebug (level 1, 0/14 HPs)
             Began as a Ghoul Fire Elementalist on Aug 29, 2022.
             Slain by a jackal (3 damage)
             ... on level 1 of the Dungeon.
             The game lasted 00:00:09 (265 turns).

qw the Firebug (Ghoul Fire Elementalist)             Turns: 265, Time: 00:00:09

Health: 0/14       AC:  2    Str: 11    XL:     1   Next: 20%
Magic:  2/2        EV: 12    Int: 10    God:
Gold:   0          SH:  0    Dex:  9    Spells: 2/3 levels left

rFire   . . .      SeeInvis .   (no weapon)
rCold   + . .      Faith    .   (no shield)
rNeg    + + +      Spirit   .   a - +0 robe
rPois   inf        Reflect  .   (no helmet)
rElec   .          Harm     .   (no cloak)
rCorr   .          Rampage  .   (no gloves)
Will    .....                   (no boots)
Stlth   ++........              (no amulet)
HPRegen 0.00/turn               (no ring)
MPRegen 0.08/turn               (no ring)

@: inhibited regen
A: claws 1, cold resistance 1, negative energy resistance 3, inhibited
regeneration, torment resistance 2, devour on kill
a: no special abilities


You were on level 1 of the Dungeon.
You visited 1 branch of the dungeon, and saw 1 of its levels.


Innate Abilities, Weirdness & Mutations

You are immune to poison.
You have sharp fingernails.
Your flesh is cold resistant. (rC+)
You are immune to negative energy. (rN+++)
You do not regenerate when monsters are visible.
You are immune to unholy pain and torment.
You thrive by killing the living.


   Skills:
 - Level 1.7 Dodging
 - Level 2.1 Stealth
 + Level 0.4 Unarmed Combat
 - Level 1.7 Spellcasting
 - Level 0.7 Conjurations
 - Level 2.4 Fire Magic


You had 2 spell levels left.
You knew the following spells:

 Your Spells              Type           Power      Damage    Failure   Level
a - Foxfire               Conj/Fire      16%        2x1d4     17%         1

Your spell library contained the following spells:

 Spells                   Type           Power      Damage    Failure   Level
 Scorch                   Fire           10%        2d6       19%         2
 Conjure Flame            Conj/Fire      4%         6-21      45%         3
 Inner Flame              Hex/Fire       3%         N/A       52%         3
 Flame Wave               Conj/Fire      4%         2d5       86%         4

Inventory:

Armour
 a - a +0 robe (worn)
Potions
 b - a potion of magic

Dungeon Overview and Level Annotations

Branches:
Dungeon (1/15)

Altars:


Message History

The hobgoblin shouts!
You hear a bark!
A hobgoblin comes into view.
The hobgoblin shouts!
A jackal comes into view.
A dart slug comes into view.
A bat and a jackal come into view.
Found 5 stones.
The bat barely misses you.
255 ||| Stepping ~*~*~tactically~*~*~ (outnumbered).
The bat barely misses you.
A quokka comes into view.
You scratch the hobgoblin.
The hobgoblin is moderately wounded.
The bat hits you but does no damage.
The jackal bites you but does no damage.
The hobgoblin barely misses you.
257 ||| Stepping ~*~*~tactically~*~*~ (outnumbered).
The hobgoblin attacks as you move away! The hobgoblin hits you.
The jackal attacks as you move away! The jackal bites you.
The bat hits you but does no damage. The bat barely misses you.
258 ||| Stepping ~*~*~tactically~*~*~ (outnumbered).
The bat closely misses you.
259 ||| Stepping ~*~*~tactically~*~*~ (outnumbered).
The bat closely misses you. The bat hits you but does no damage.
260 ||| Stepping ~*~*~tactically~*~*~ (outnumbered).
261 ||| Stepping ~*~*~tactically~*~*~ (outnumbered).
A jackal comes into view.
The bat hits you but does no damage.
262 ||| Stepping ~*~*~tactically~*~*~ (outnumbered).
The bat hits you but does no damage.
You scratch the hobgoblin but do no damage.
The hobgoblin is moderately wounded.
The bat closely misses you. The bat misses you.
The hobgoblin barely misses you.
You barely miss the hobgoblin.
The hobgoblin is moderately wounded.
The bat hits you. The jackal closely misses you. The hobgoblin hits you.
You scratch the hobgoblin but do no damage.
The hobgoblin is moderately wounded.
The bat closely misses you. The bat barely misses you.
The jackal barely misses you. The jackal bites you.
You die...

#.#. #.#.. .# #.....
.... #...#
...#.##...###### #
..........gb@..#.#
(.$.......whgh...#
...........hr....#
#..!..............#
#.................#
#..................#
#........[.......#.#
#................#.#
.................#


You could see a dart slug, a quokka, 3 jackals, 2 hobgoblins and a bat.

Vanquished Creatures
  A hobgoblin (D:1)
1 creature vanquished.

Notes
Turn   | Place    | Note
-------+----------+-------------------------------------------
     0 | D:1      | qw the Ghoul Fire Elementalist began the quest for the Orb.
     0 | D:1      | Reached XP level 1. HP: 14/14 MP: 2/2
     0 | D:1      | 0 ||| qw: Version: 0.1-a-90-g952f4b7
     0 | D:1      | 0 ||| qw: Game counter: 3948
     0 | D:1      | 0 ||| qw: Always use a shield: true
     0 | D:1      | 0 ||| qw: God list: Okawaru
     0 | D:1      | 0 ||| qw: Allow faded altars: false
     0 | D:1      | 0 ||| qw: Do Orc after D:15 true
     0 | D:1      | 0 ||| qw: Do second Lair branch before Depths: true
     0 | D:1      | 0 ||| qw: Lair rune preference: random
     0 | D:1      | 0 ||| qw: Plans: Normal
     0 | D:1      | 0 ||| PLANNING D:1-11
   255 | D:1      | 255 ||| Stepping ~*~*~tactically~*~*~ (outnumbered).
   257 | D:1      | 257 ||| Stepping ~*~*~tactically~*~*~ (outnumbered).
   258 | D:1      | 258 ||| Stepping ~*~*~tactically~*~*~ (outnumbered).
   259 | D:1      | 259 ||| Stepping ~*~*~tactically~*~*~ (outnumbered).
   260 | D:1      | 260 ||| Stepping ~*~*~tactically~*~*~ (outnumbered).
   261 | D:1      | 261 ||| Stepping ~*~*~tactically~*~*~ (outnumbered).
   262 | D:1      | 262 ||| Stepping ~*~*~tactically~*~*~ (outnumbered).
   264 | D:1      | HP: 3/14 [hobgoblin (3)]
   265 | D:1      | Slain by a jackal

Levels and vault maps discovered:
D:1:      mushboom_english_gardens, layout_rooms

Action                   || total
-------------------------++-------
Melee: Unarmed           ||    15
Armor: Robe              ||     8
Dodge: Dodged            ||    17

Table legend:
 A = Non-vault XP
 B = Vault XP
 C = Vault XP percentage of total XP
 D = Non-vault monster count
 E = Vault monster count
 F = Vault count percentage of total count
                 A         B        C        D         E       F
            +---------+---------+-------+---------+---------+-------
      Total |       2 |       0 |   0.0 |       1 |       0 |   0.0
            +---------+---------+-------+---------+---------+-------
        D:1 |       2 |       0 |   0.0 |       1 |       0 |   0.0
            +---------+---------+-------+---------+---------+-------
